Replay - [mYi]PtitDrogo vs [KRN]Namshar Dusk Towers PvZ DH ZOWIE OPEN

Build Order

Get SALT Encoding   

  12  0:01  Probe (Chrono Boost)  
  13  0:11  Probe (Chrono Boost)  
  14  0:17  Pylon  
  14  0:22  Probe (Chrono Boost)  
  15  0:35  Probe (Chrono Boost)  
  16  0:46  Probe (Chrono Boost)  
  17  0:57  Nexus  
  17  1:07  Gateway  
  17  1:10  Probe (Chrono Boost)  
  18  1:15  Assimilator  
  18  1:21  Probe (Chrono Boost)  
  18  1:23  Assimilator  
  19  1:31  Probe (Chrono Boost)  
  20  1:36  Gateway  
  20  1:42  Probe (Chrono Boost)  
  21  1:52  Probe (Chrono Boost)  
  22  1:55  Cybernetics Core  
  22  2:03  Probe (Chrono Boost)  
  23  2:09  Probe (Chrono Boost)  
  23  2:13  Probe (Chrono Boost)  
  25  2:20  Probe (Chrono Boost)  
  26  2:24  Probe (Chrono Boost)  
  27  2:30  Probe (Chrono Boost)  
  27  2:31  Adept (Chrono Boost)  
  27  2:32  Adept (Chrono Boost)  
  27  2:33  Warp Gate  
  27  2:35  Probe  
  33  2:42  Probe  
  34  2:47  Mothership Core (Chrono Boost)  
  34  2:48  Pylon  
  36  2:54  Probe (Chrono Boost)  
  37  3:00  Pylon  
  37  3:05  Probe (Chrono Boost)  
  38  3:07  Probe (Chrono Boost)  
  38  3:08  Sentry x2  
  43  3:15  Probe (Chrono Boost)  
  43  3:17  Probe (Chrono Boost)  
  45  3:26  Probe (Chrono Boost)  
  46  3:28  Probe (Chrono Boost)  
  46  3:31  Nexus  
  47  3:36  Probe (Chrono Boost)  
  47  3:38  Probe (Chrono Boost)  
  49  3:43  Pylon  
  49  3:46  Pylon  
  49  3:47  Probe (Chrono Boost)  
  50  3:49  Probe (Chrono Boost)  
  51  3:57  Assimilator, Probe (Chrono Boost)  
  51  3:59  Probe (Chrono Boost)  
  51  4:01  Assimilator  
  53  4:08  Probe (Chrono Boost)  
  53  4:09  Gateway x2  
  54  4:10  Probe (Chrono Boost)  
  54  4:12  Adept (Chrono Boost)  
  54  4:14  Adept (Chrono Boost)  
  59  4:18  Probe (Chrono Boost)  
  59  4:20  Probe (Chrono Boost)  
  61  4:25  Phoenix  
  61  4:28  Stargate x2  
  61  4:29  Probe (Chrono Boost)  
  61  4:31  Probe (Chrono Boost)  
  63  4:40  Probe (Chrono Boost)  
  63  4:42  Probe (Chrono Boost)  
  63  4:44  Probe (Chrono Boost)  
  66  4:46  Adept x2  
  66  4:52  Probe (Chrono Boost)  
  71  4:54  Probe (Chrono Boost)  
  71  4:55  Probe (Chrono Boost)  
  73  5:00  Pylon  
  73  5:02  Probe (Chrono Boost)  
  73  5:04  Probe (Chrono Boost)  
  73  5:05  Probe (Chrono Boost)  
  73  5:06  Adept  
  73  5:07  Adept x3  
  80  5:13  Probe (Chrono Boost)  
  85  5:17  Probe (Chrono Boost)  
  85  5:18  Probe, Phoenix x2 (Chrono Boost)  
  91  5:23  Assimilator  
  91  5:24  Pylon, Probe  
  91  5:27  Assimilator, Probe  
  93  5:41  Probe  
  93  5:42  Probe x2, Phoenix x2 (Chrono Boost)  
  98  5:51  Probe  
  98  5:54  Probe x2  
  98  5:56  Zealot x2  
  101  6:00  Robotics Facility  
  101  6:03  Forge  
  98  6:04  Twilight Council  
  98  6:06  Probe  
  98  6:08  Phoenix (Chrono Boost)  
  98  6:09  Phoenix (Chrono Boost)  
  100  6:19  Robotics Facility  
  100  6:25  Pylon  
  100  6:26  Pylon  
  100  6:30  Gateway, Protoss Ground Weapons Level 1 (Chrono Boost)  
  100  6:31  Gateway  
  100  6:32  Gateway  
  100  6:33  Gateway  
  100  6:40  Pylon, Phoenix (Chrono Boost)  
  100  6:42  Charge (Chrono Boost)  
  100  6:43  Phoenix (Chrono Boost)  
  104  6:49  Templar Archives  
  104  6:50  Zealot x4  
  104  6:51  Pylon  
  112  7:05  Immortal (Chrono Boost)  
  116  7:12  Stalker x4  
  116  7:14  Immortal (Chrono Boost)  
  104  7:24  Pylon x2  
  104  7:29  Zealot x4  
  108  7:34  Pylon  
  108  7:35  Pylon  
  109  7:45  High Templar x2  
  109  7:46  High Templar  
  109  7:47  Warp Prism (Chrono Boost)  
  109  7:49  High Templar  
  109  7:50  Zealot x4  
  126  7:53  Archon  
  126  7:54  Archon  
  126  8:01  Observer  
  127  8:08  Nexus  
  127  8:11  Pylon  
  125  8:13  High Templar x2  
  125  8:14  Zealot x2  
  125  8:18  Archon  
  133  8:21  Zealot x4  
  133  8:22  Pylon, Immortal  
  141  8:27  Immortal  
  141  8:31  Pylon x2  
  141  8:32  Pylon  
  141  8:33  Pylon  
  149  8:37  Zealot x2  
  153  8:46  Zealot x6  
  141  9:03  Zealot x2  
  141  9:04  Nexus  
  141  9:05  Pylon  
  141  9:07  Pylon, Zealot x3  
  151  9:12  Protoss Ground Weapons Level 2  
  151  9:13  Zealot x3  
  135  9:27  Zealot x5  
  141  9:35  Probe  
  142  9:40  High Templar x2, Zealot, Immortal  
Spawning Tool Build Advisor. Get it on Overwolf

Go to:

Details

  • Created by: PeterLiu
  • Published on: Feb 23, 2016
  • Modified on: Feb 23, 2016
  • Patch: Pre-3.8.0
Show
View Real Time Build Order
Export as new Build Order

Comments (0)

There are no comments. Be the first!

Create an account to comment!